 Dungeon Crawl Stone Soup version 0.25-a0-504-g768f60da87 (webtiles) character file.

Game seed: 87212491065587145, levelgen mode: deterministic

30 Kohma the Chiller (level 3, 0/28 HPs)
             Began as a Draconian Ice Elementalist on Feb 14, 2020.
             Slain by a kobold
             ... wielding a +0 dagger
              (2 damage)
             ... on level 2 of the Dungeon.
             The game lasted 00:02:00 (618 turns).

Kohma the Chiller (Draconian Ice Elementalist)       Turns: 618, Time: 00:02:01

Health: 0/28       AC:  5    Str: 10    XL:     3   Next: 5%
Magic:  1/6        EV: 13    Int: 16    God:
Gold:   48         SH:  0    Dex: 11    Spells: 5/6 levels left

rFire    . . .     SeeInvis .   e - +0 short sword
rCold    . . .     Gourm    .   (no shield)
rNeg     . . .     Faith    .   (armour unavailable)
rPois    .         Spirit   .   (helmet restricted)
rElec    .         Reflect  .   (no cloak)
rCorr    .         Harm     .   (no gloves)
MR       .....                  (no boots)
Stlth    ++........             (no amulet)
HPRegen  0.09/turn              d - +1 ring of evasion
MPRegen  0.10/turn              (no ring)

@: lethally poisoned (0 -> -8)
A: unfitting armour, cold-blooded, AC +5
a: no special abilities


You were on level 2 of the Dungeon.
You were not hungry.

You visited 1 branch of the dungeon, and saw 2 of its levels.

You collected 48 gold pieces.

Inventory:

Hand Weapons
 e - a +0 short sword (weapon)
Jewellery
 d - a +1 ring of evasion (left hand)
Comestibles
 a - 10 chunks of flesh
 b - 3 rations


   Skills:
 + Level 1.2 Fighting
 - Level 1.7 Dodging
 - Level 1.7 Stealth
 + Level 2.3 Spellcasting
 * Level 4.5 Ice Magic


You had 5 spell levels left.
You knew the following spells:

 Your Spells              Type           Power        Failure   Level  Hunger
a - Freeze                Ice            ###.         3%          1    #......

Your spell library contained the following spells:

 Spells                   Type           Power        Failure   Level  Hunger
 Frozen Ramparts          Ice            ###...       10%         3    ###....
 Ozocubu's Armour         Chrm/Ice       #.......     24%         3    ###....
 Hailstorm                Conj/Ice       #.......     61%         4    #####..
 Summon Ice Beast         Ice/Summ       #.......     61%         4    #####..


Dungeon Overview and Level Annotations

Branches:
Dungeon (1/15)

Altars:

Annotations:
D:2 Sigmund


Innate Abilities, Weirdness & Mutations

Your plain brown scales are hard. (AC +5)
You cannot fit into any form of body armour.
You are cold-blooded and may be slowed by cold attacks.


Message History

* * * LOW HITPOINT WARNING * * *
The adder closely misses you.
You feel sick. The adder closely misses you.
A kobold comes into view. It is wielding a +0 dagger.
The kobold shouts!
The kobold throws a stone.
The stone barely misses you. The adder misses you.
A quokka comes into view.
The kobold throws a stone.
The stone hits you but does no damage. The adder misses you.
The quokka moves out of view.
A kobold comes into view. It is wielding a +0 dagger.
You feel sick.
The kobold throws a stone.
The stone barely misses you.
The stone hits the adder but does no damage.
You completely miss the kobold.
The kobold shouts!
The adder bites you.
* * * LOW HITPOINT WARNING * * *
You are lethally poisoned!
The adder poisons you! The kobold hits you with a +0 dagger.
You die...

#....##...#.#
###...........#
..............#
...........K...
.......%......#.>....
#...#..................#..
........rK....# ........#
....#####@.#..# ......#.#
#.......S.....###.........
#.......####.=...@..# ....
..........##.#...#####....
.#######....!.............
##..........#......
#........#....#...
##...!......#.# ..
#........##..... .


You could see an adder, a quokka and 2 kobolds.

Vanquished Creatures
  An adder (D:2)
  3 dart slugs (D:1)
  A giant cockroach (D:1)
  3 goblins (D:1)
  2 hobgoblins (D:1)
  2 bats (D:1)
  A frilled lizard (D:1)
  3 kobolds (D:1)
  2 rats (D:1)
18 creatures vanquished.

Notes
Turn   | Place    | Note
-------+----------+-------------------------------------------
     0 | D:1      | Kohma the Draconian Ice Elementalist began the quest for
                  | the Orb.
     0 | D:1      | Reached XP level 1. HP: 14/14 MP: 3/3
   477 | D:1      | Reached XP level 2. HP: 18/22 MP: 5/5
   555 | D:1      | Reached skill level 1 in Fighting
   588 | D:1      | You fall into a shaft and drop 1 floor!
   590 | D:2      | Noticed Sigmund
   604 | D:2      | Reached XP level 3. HP: 21/28 MP: 3/6
   618 | D:2      | Slain by a kobold

Levels and vault maps discovered:
D:1:      co_arrival_random_square_maze, layout_loops_ring
D:2:      layout_rooms, uniq_natasha, uniq_sigmund

Skill      XL: |  1  2 |
---------------+-------+-----
Fighting       | 1 |  1.2
Dodging        | |  1.7
Stealth        | |  1.7
Spellcasting   | |  2.3
Ice Magic      | |  4.5

Action                   || total
-------------------------++-------
Melee: Dagger            ||    17
       Short sword       ||    19
       Tailslap          ||     2
 Cast: Freeze            ||    20
Armor: Skin              ||    12
Dodge: Dodged            ||    36

Table legend:
 A = Non-vault XP
 B = Vault XP
 C = Vault XP percentage of total XP
 D = Non-vault monster count
 E = Vault monster count
 F = Vault count percentage of total count
                 A         B        C        D         E       F
            +---------+---------+-------+---------+---------+-------
      Total |      44 |       0 |   0.0 |      18 |       0 |   0.0
            +---------+---------+-------+---------+---------+-------
        D:1 |      31 |       0 |   0.0 |      17 |       0 |   0.0
        D:2 |      13 |       0 |   0.0 |       1 |       0 |   0.0
            +---------+---------+-------+---------+---------+-------
